 Dungeon Crawl Stone Soup version 0.19.4-8-ga85b6b9 (webtiles) character file.

185 LORDOFBUTT the Chopper (level 5, -3/41 HPs)
             Began as a Formicid Fighter on Feb 11, 2017.
             Slain by Grinder (7 damage)
             ... on level 3 of the Dungeon.
             The game lasted 00:02:20 (1726 turns).

LORDOFBUTT the Chopper (Formicid Fighter)           Turns: 1726, Time: 00:02:21

Health: -3/41      AC:  6    Str: 26    XL:     5   Next: 96%
Magic:  5/5        EV:  8    Int:  8    God:
Gold:   122        SH: 10    Dex: 10    Spells: 0 memorised, 4 levels left

rFire  x . .     SeeInvis +     a - +1 war axe
rCold  + . .     Gourm    .     b - +0 scale mail
rNeg   . . .     Faith    .     c - +0 shield
rPois  .         Spirit   .     (helmet unavailable)
rElec  .         Reflect  .     (no cloak)
rCorr  .         Harm     .     (no gloves)
MR     .....                    (no boots)
Stlth  ..........               (no amulet)
                                n - ring of teleportation (curse)
                                m - ring of ice

@: mighty
A: permanent stasis, dig shafts and tunnels, four strong arms, antennae 3
a: Dig, Shaft Self


You were on level 3 of the Dungeon.
You were not hungry.

You visited 1 branch of the dungeon, and saw 4 of its levels.

You collected 122 gold pieces.

Inventory:

Hand Weapons
 a - a +1 war axe (weapon)
Armour
 b - a +0 scale mail (worn)
 c - a +0 shield (worn)
Jewellery
 l - an uncursed ring of loudness
 m - a ring of ice (left hand)
 n - a cursed ring of teleportation (right hand)
Scrolls
 g - 2 scrolls of noise
 j - 2 scrolls of fog
Potions
 e - 2 potions of brilliance
 o - a potion of magic
 r - a potion of flight {unknown}
 s - a potion of invisibility
Comestibles
 f - 2 bread rations
 k - a meat ration


   Skills:
 - Level 3.2 Fighting
 * Level 5.7 Axes
 - Level 3.2 Armour
 - Level 3.6 Shields


You had 4 spell levels left.
You didn't know any spells.

Dungeon Overview and Level Annotations

Branches:
Dungeon (4/15)
 Temple: D:4-7

Altars:

Annotations:
D:3 Grinder


Innate Abilities, Weirdness & Mutations

You are under a permanent stasis effect.
You can dig through walls and to a lower floor.
Your four strong arms can wield two-handed weapons with a shield.
You have a pair of large antennae on your head. (SInv)


Message History

You are too injured to fight recklessly!
You feel very mighty all of a sudden. Grinder gestures at you.
You struggle to resist.
You barely miss Grinder.
Grinder is moderately wounded.
Grinder hits you but does no damage.
You slash Grinder!
Grinder is heavily wounded.
You block Grinder's attack. Grinder hits you!
* * * LOW HITPOINT WARNING * * *
You writhe in agony.
* * * LOW HITPOINT WARNING * * *
You closely miss Grinder.
Grinder is heavily wounded.
Grinder hits you but does no damage.
You slash Grinder!
Grinder is almost dead.
Grinder hits you!
You die...

#.#.##.## ##.#.#####
#.#.###.###.##.##
#.#.# ##...##...##
....# ##>##.....#
#)### #.#.....#.##
#.#######......###.#.
#...............#....
..#######.#....5.###.#
#.# #.#.#...@....# ...
#.#.##.####..# .##
#.#.#### .# .# .....
.. .### .##.# .# ... .
..# # .. ## .# ###.###
.# #.....#


You could see Grinder.

Vanquished Creatures
  A scorpion (D:4)
  An orc wizard (D:3)
  A gnoll (D:1)
  2 adders (D:2)
  An ooze (D:2)
  2 worms
  3 dart slugs
  2 leopard geckos (D:2)
  5 orcs (D:3)
  6 bats
  A giant cockroach (D:3)
  7 hobgoblins
  3 jackals (D:2)
  2 frilled lizards
  6 goblins
  6 kobolds
  9 rats
58 creatures vanquished.

Notes
Turn   | Place    | Note
-------+----------+-------------------------------------------
     0 | D:1      | LORDOFBUTT the Formicid Fighter began the quest for the Orb.
     0 | D:1      | Reached XP level 1. HP: 18/18 MP: 1/1
   234 | D:1      | Reached XP level 2. HP: 10/24 MP: 2/2
   465 | D:1      | Reached skill level 3 in Axes
   465 | D:1      | Reached XP level 3. HP: 22/29 MP: 3/3
  1080 | D:2      | Reached skill level 4 in Axes
  1080 | D:2      | Reached XP level 4. HP: 35/35 MP: 4/4
  1169 | D:2      | You fall through a shaft for 2 floors!
  1223 | D:4      | Noticed a centaur
  1225 | D:4      | Reached skill level 5 in Axes
  1225 | D:4      | Reached XP level 5. HP: 41/41 MP: 5/5
  1716 | D:3      | Noticed Grinder
  1726 | D:3      | Slain by Grinder

Skill      XL: |  1  2  3  4 |
---------------+-------------+-----
Axes           | 3 4 5 |  5.7
Fighting       | |  3.2
Armour         | |  3.2
Shields        | |  3.6

Action                   |  1- 3 |  4- 6 || total
-------------------------+-------+-------++-------
Melee: War axe           |   101 |    92 ||   193
  Use: Scroll            |     7 |     5 ||    12
       Potion            |       |     2 ||     2
  Eat: Bread ration      |       |     1 ||     1
Armor: Scale mail        |    36 |    37 ||    73
Dodge: Dodged            |    26 |    24 ||    50
Block: Shield            |    54 |    48 ||   102
